 Dungeon Crawl Stone Soup version 0.28.0-47-ge53b351184 (webtiles) character file.

Game seed: 17648341780333379091

40 Kangaroobicon the Skirmisher (level 3, -4/31 HPs)
             Began as a Palentonga Fighter on Apr 26, 2022.
             Slain by Terence
             ... wielding a +0 morningstar
              (8 damage)
             ... on level 2 of the Dungeon.
             The game lasted 00:08:41 (1185 turns).

Kangaroobicon the Skirmisher (Palentonga Fighter)   Turns: 1185, Time: 00:08:42

Health: -4/31      AC:  7    Str: 19    XL:     3   Next: 30%
Magic:  3/3        EV:  7    Int:  8    God:
Gold:   56         SH:  4    Dex: 11    Spells: 2/2 levels left

rFire   . . .      SeeInvis +   a - +0 war axe
rCold   . . .      Faith    .   c - +0 buckler
rNeg    . . .      Spirit   .   b - +0 scale mail
rPois   .          Reflect  .   (no helmet)
rElec   .          Harm     .   (no cloak)
rCorr   .          Rampage  .   g - +0 pair of gloves
Will    .....                   (no barding)
Stlth   ..........              (no amulet)
HPRegen 0.10/turn               (no ring)
MPRegen 0.08/turn               (no ring)

@: no status effects
A: large, rugged brown scales 3, see invisible, deformed body, roll 1, armoured
tail
a: Rolling Charge


You were on level 2 of the Dungeon.
You visited 1 branch of the dungeon, and saw 2 of its levels.

You collected 56 gold pieces.

Inventory:

Hand Weapons
 a - a +0 war axe (weapon)
 k - a +0 hand crossbow
Armour
 b - a +0 scale mail (worn)
 c - a +0 buckler (worn)
 g - a +0 pair of gloves (worn)
Scrolls
 e - a scroll of identify {unknown}
 f - 2 scrolls of teleportation {unknown}
 j - a scroll of fog {unknown}
Potions
 d - 3 potions of might
 h - a potion of brilliance {unknown}
 i - a potion of berserk rage {unknown}


   Skills:
 + Level 3.3 Fighting
 + Level 2.6 Axes
 + Level 2.7 Armour
 + Level 2.7 Shields


You had 2 spell levels left.
You didn't know any spells.
Your spell library was empty.

Dungeon Overview and Level Annotations

Branches:
Dungeon (2/15)

Altars:

Annotations:
D:2 Terence


Innate Abilities, Weirdness & Mutations

You are completely covered in rugged brown scales. (AC +3, +7% HP)
You have supernaturally acute eyesight. (SInv)
Armour fits poorly on your strangely shaped body.
You can roll at nearby foes to attack.
You have a long armoured tail.


Message History

You kill the frilled lizard!
You closely miss the hobgoblin. The hobgoblin hits you. x2
You slash the hobgoblin!
You kill the hobgoblin!
A rat comes into view.
You see here 15 gold pieces.
You barely miss the rat.
Your tail-slap misses the rat.
The rat closely misses you. You block the rat's attack.
You hit the rat.
You kill the rat!
You now have 56 gold pieces (gained 15).
Found a hand crossbow.
You see here a +0 hand crossbow.
k - a +0 hand crossbow You open the door.
Found a faded altar of an unknown god.
There is an open door here.
There is an open door here.
Found a robe.
Terence the Incautious comes into view.
He is wielding a +0 morningstar.
Terence shouts!
Terence hits you with a +0 morningstar.
You closely miss Terence.
Your tail-slap misses Terence.
Terence barely misses you.
A kobold comes into view. It is wielding a +0 dagger.
You barely miss Terence.
Your tail-slap misses Terence.
Terence hits you with a +0 morningstar. Terence barely misses you.
You closely miss Terence. Terence hits you with a +0 morningstar.
You barely miss Terence. You block Terence's attack.
You barely miss Terence. Terence barely misses you.
Terence hits you with a +0 morningstar!
You hit Terence but do no damage. Terence completely misses you.
You slash Terence!
Terence is heavily wounded.
Terence hits you with a +0 morningstar!
* * * LOW HITPOINT WARNING * * *
You closely miss Terence.
Your tail-slap misses Terence.
Terence is heavily wounded.
Terence hits you with a +0 morningstar!
You die...

#.#.# #.# ##.#.#####.#
#.#####†..†......<
#........#.#####.#
######...#.# #.# #
#.....#####.# #.##.
#........##.#
......######..#.###.....
#K@@................
########..#.#######.
#..#.##### #.
#........###.
##...........
###.##..###. #.##..# #.
#.##..# #. ####..###.


You could see Terence and a kobold.

Vanquished Creatures
  An adder (D:2)
  A dart slug (D:1)
  An endoplasm (D:1)
  3 goblins
  3 hobgoblins
  2 kobolds (D:1)
  2 quokkas (D:1)
  7 ball pythons
  4 bats (D:1)
  A frilled lizard (D:2)
  6 rats
31 creatures vanquished.

Notes
Turn   | Place    | Note
-------+----------+-------------------------------------------
     0 | D:1      | Kangaroobicon the Palentonga Fighter began the quest for
                  | the Orb.
     0 | D:1      | Reached XP level 1. HP: 19/19 MP: 1/1
   107 | D:1      | Reached XP level 2. HP: 25/25 MP: 2/2
  1004 | D:2      | Reached XP level 3. HP: 28/31 MP: 3/3
  1136 | D:2      | Found a faded altar of an unknown god.
  1174 | D:2      | Noticed Terence
  1185 | D:2      | Slain by Terence

Illustrated notes

Levels and vault maps discovered:
D:1:      dpeg_arrival_radiant, layout_loops_corners
D:2:      minmay_alternating_diamond, layout_loops_ring,
          chequers_ecumenical_altar_lobes, uniq_terence

Action                   || total
-------------------------++-------
Melee: War axe           ||    72
       Tailslap          ||     7
Armor: Scale mail        ||    34
Dodge: Dodged            ||    29
Block: Buckler           ||    21
